 Dungeon Crawl Stone Soup version 0.27-a0-1036-g8e1b44f6bd (webtiles) character file.

Game seed: 16369105988354405258

68 siradein the Slasher (level 4, -3/35 HPs)
             Began as a Demonspawn Fighter on Apr 18, 2021.
             Slain by Sigmund
             ... wielding a +0 scythe
              (7 damage)
             ... on level 3 of the Dungeon.
             The game lasted 00:03:50 (2831 turns).

siradein the Slasher (Demonspawn Fighter)           Turns: 2831, Time: 00:03:51

Health: -3/35      AC: 12    Str: 16    XL:     4   Next: 1%
Magic:  4/4        EV:  2    Int:  9    God:
Gold:   74         SH:  8    Dex: 14    Spells: 3/3 levels left

rFire    . . .     SeeInvis .   a - +0 long sword
rCold    . . .     Faith    .   c - +0 kite shield
rNeg     . . .     Spirit   .   k - +0 plate armour
rPois    .         Reflect  .   (no helmet)
rElec    .         Harm     .   g - +0 cloak
rCorr    .         Rampage  .   (no gloves)
Will     .....                  (no boots)
Stlth    ..........             (no amulet)
HPRegen  0.11/turn              (no ring)
MPRegen  0.18/turn              (no ring)

@: no status effects
A: magic regeneration
a: no special abilities


You were on level 3 of the Dungeon.
You visited 1 branch of the dungeon, and saw 3 of its levels.

You collected 74 gold pieces.

Inventory:

Hand Weapons
 a - a +0 long sword (weapon)
Missiles
 j - 12 poisoned darts (quivered)
 l - 4 javelins
Armour
 c - a +0 kite shield (worn)
 g - a +0 cloak (worn)
 k - a +0 plate armour (worn)
Jewellery
 n - a ring of ice
Scrolls
 e - a scroll of amnesia {unknown}
 f - a scroll of identify {unknown}
 h - 2 scrolls of enchant weapon {unknown}
 m - a scroll of teleportation {unknown}
Potions
 b - a potion of degeneration {unknown}
 d - a potion of might
 i - a potion of invisibility {unknown}


   Skills:
 - Level 3.0 Fighting
 + Level 3.9 Long Blades
 - Level 2.6 Armour
 - Level 2.6 Shields


You had 3 spell levels left.
You didn't know any spells.
Your spell library contained the following spells:

 Spells                   Type           Power      Damage    Failure   Level
 Animate Skeleton         Necr           0%         N/A       100%        1
 Pain                     Necr           0%         1d4       100%        1
 Vampiric Draining        Necr           0%         2d6       100%        3
 Animate Dead             Necr           0%         N/A       100%        4
 Agony                    Necr           0%         N/A       100%        5


Dungeon Overview and Level Annotations

Branches:
Dungeon (3/15)

Altars:
Cheibriados

Annotations:
D:3 Sigmund


Innate Abilities, Weirdness & Mutations

You regenerate magic rapidly.


Message History

Sigmund is heavily wounded.
You block Sigmund's attack.
Your shield and plate armour prevent you from hitting Sigmund.
Sigmund is heavily wounded.
Sigmund hits you but does no damage. Sigmund hits you with a +0 scythe.
* * * LOW HITPOINT WARNING * * *
You closely miss Sigmund.
Sigmund is heavily wounded.
You block Sigmund's attack.
A hound zombie comes into view.
You barely miss Sigmund.
Sigmund is heavily wounded.
You block Sigmund's attack. Sigmund hits you with a +0 scythe.
* * * LOW HITPOINT WARNING * * *
Your shield and plate armour prevent you from hitting Sigmund.
Sigmund is heavily wounded.
Sigmund hits you but does no damage.
You barely miss Sigmund.
Sigmund is heavily wounded.
Sigmund hits you but does no damage. You block Sigmund's attack.
You barely miss Sigmund.
Sigmund is heavily wounded.
Sigmund hits you but does no damage.
You barely miss Sigmund.
Sigmund is heavily wounded.
You block Sigmund's attack. Sigmund hits you with a +0 scythe.
* * * LOW HITPOINT WARNING * * *
You closely miss Sigmund.
Sigmund is heavily wounded.
Sigmund hits you but does no damage.
You barely miss Sigmund.
Sigmund is heavily wounded.
Sigmund hits you but does no damage.
You hit Sigmund.
Sigmund is heavily wounded.
You block Sigmund's attack. x2
You hit Sigmund.
Sigmund is severely wounded.
Sigmund hits you with a +0 scythe!
You die...

#... #.# #..#
######### #.# #..##
#.......# #.# ..)
#.......###.. #.#
#.......#...# #.#
#.......#.#.. #Z#
#>......#.##. #@###
#.......#.##. #.@.#
#.......#.### ###.#
####.####.### #.#
#.####.... ####
#.######......###
...# #........####.#
# ##.#
###.........#.# #
.#.#######
######.##.#.###
.......).##### #####
#.........
.#.#####.....###...#
##....#####


You could see Sigmund and a hound zombie.

Vanquished Creatures
  An adder (D:3)
  A worm (D:3)
  A dart slug (D:1)
  2 orcs (D:3)
  3 ball pythons (D:1)
  3 bats
  7 endoplasms
  2 giant cockroaches (D:1)
  2 goblins (D:1)
  4 hobgoblins (D:1)
  7 jackals (D:1)
  4 quokkas (D:1)
  2 frilled lizards (D:1)
  2 kobolds
  4 rats (D:1)
45 creatures vanquished.

Notes
Turn   | Place    | Note
-------+----------+-------------------------------------------
     0 | D:1      | siradein the Demonspawn Fighter began the quest for the
                  | Orb.
     0 | D:1      | Reached XP level 1. HP: 18/18 MP: 1/1
   262 | D:1      | Gained mutation: You regenerate magic rapidly. [demonic
                  | ancestry]
   262 | D:1      | Reached XP level 2. HP: 13/24 MP: 2/2
   877 | D:1      | Reached XP level 3. HP: 24/29 MP: 3/3
  2222 | D:2      | Noticed a phantom
  2416 | D:3      | Found a snail-covered altar of Cheibriados.
  2629 | D:3      | Found a faded altar of an unknown god.
  2737 | D:3      | Reached XP level 4. HP: 32/35 MP: 4/4
  2805 | D:3      | Noticed Sigmund
  2831 | D:3      | Slain by Sigmund

Illustrated notes

Levels and vault maps discovered:
D:1:      dpeg_arrival_castle, layout_basic, chequers_serial_rivers_small_b,
          minmay_tetromino_o4
D:2:      layout_loops_cross, chequers_serial_rivers_room_b, st_stairs_13,
          minmay_door_square, item_on_display_a
D:3:      layout_loops_cross, general_overflow_altar,
          ebering_ecumenical_altar_mist, uniq_sigmund

Skill      XL: |  1  2 |
---------------+-------+-----
Long Blades    | 2 3 |  3.9
Fighting       | |  3.0
Armour         | |  2.6
Shields        | |  2.6

Action                   |  1- 3 |  4- 6 || total
-------------------------+-------+-------++-------
Melee: Long sword        |   152 |    17 ||   169
Armor: Scale mail        |    80 |       ||    80
       Plate armour      |     8 |     8 ||    16
Dodge: Dodged            |    43 |       ||    43
Block: Kite shield       |    81 |     9 ||    90
       Rpst.: Long sword |    16 |       ||    16

Table legend: (Time is in decaauts)
 A = Elapsed time spent in this place.
 B = Non-inter-level travel time spent in this place.
 C = Inter-level travel time spent in this place.
 D = Time resting spent in this place.
 E = Time spent auto-exploring this place.
 F = Levels seen in this place.
 G = Mean time per level.
                   A        B        C        D        E       F      G
               +--------+--------+--------+--------+--------+-----+--------+
         Total |   2922 |   2876 |     46 |     14 |   2374 |   3 |  974.0 |
       Dungeon |   2922 |   2876 |     46 |     14 |   2374 |   3 |  974.0 |
               +--------+--------+--------+--------+--------+-----+--------+

Top non-repeatable levels by time:
     D:1: 2189 daAuts
     D:3: 576 daAuts
     D:2: 156 daAuts
